 Dungeon Crawl Stone Soup version 0.26.1-11-gd32895ea62 (webtiles) character file.

Game seed: 10262940946138237321

72 Zeld the Grasshopper (level 4, 0/29 HPs)
             Began as an Octopode Warper on May 17, 2021.
             Succumbed to an adder's poison
             ... on level 2 of the Dungeon.
             The game lasted 00:02:58 (1382 turns).

Zeld the Grasshopper (Octopode Warper)              Turns: 1382, Time: 00:02:58

Health: 0/29       AC:  1    Str: 11    XL:     4   Next: 25%
Magic:  7/7        EV: 13    Int: 15    God:
Gold:   22         SH:  0    Dex: 11    Spells: 0/8 levels left

rFire    . . .     SeeInvis .   h - +0 mace
rCold    . . .     Faith    .   (no shield)
rNeg     . . .     Spirit   .   (helmet restricted)
rPois    .         Reflect  .   (no amulet)
rElec    .         Harm     .   (no ring)
rCorr    .         Rampage  .   (no ring)
Will     .....                  (no ring)
Stlth    ++........             (no ring)
HPRegen  0.09/turn              (no ring)
MPRegen  0.10/turn              (no ring)
                                (no ring)
                                (no ring)

@: lethally poisoned (0 -> -8), very slightly contaminated, invisible
A: almost no armour, stealthy swim, amphibious, 8 rings, constrict 8, camouflage
1, gelatinous body 1
a: no special abilities


You were on level 2 of the Dungeon.
You visited 1 branch of the dungeon, and saw 2 of its levels.

You collected 22 gold pieces.

Inventory:

Hand Weapons
 a - a +0 mace
 h - a +0 mace (weapon)
 i - a +1 morningstar of draining
Missiles
 b - 5 boomerangs of dispersal (quivered)
Scrolls
 c - a scroll of blinking
 d - a scroll of remove curse {unknown}
 e - a scroll of teleportation {unknown}
 f - a scroll of identify {unknown}


   Skills:
 - Level 2.0 Fighting
 * Level 3.3 Maces & Flails
 - Level 1.0 Throwing
 - Level 2.3 Dodging
 + Level 2.6 Spellcasting
 + Level 3.5 Translocations


You couldn't memorise any spells.
You knew the following spells:

 Your Spells              Type           Power        Failure   Level
a - Blink                 Tloc           N/A          8%          2
b - Gell's Gravitas       Tloc           6%           14%         3
c - Lesser Beckoning      Tloc           6%           14%         3

Your spell library contained the following spells:

 Spells                   Type           Power        Failure   Level
 Teleport Other           Tloc           12%          14%         3
 Passage of Golubria      Tloc           N/A          43%         4


Dungeon Overview and Level Annotations

Branches:
Dungeon (2/15)

Altars:


Innate Abilities, Weirdness & Mutations

You cannot wear most types of armour.
You are very stealthy in the water. (Stealth+)
You are amphibious.
You can wear up to eight rings at the same time.
You can use your tentacles to constrict eight enemies at once.
Your skin changes colour to match your surroundings (Stealth+).
Your rubbery body absorbs attacks. (AC +1, EV +1)


Message History

* * * LOW HITPOINT WARNING * * *
You feel sick. The adder barely misses you.
You are very lightly contaminated with residual magic.
You hit the adder but do no damage. Your grab misses the adder.
The adder is almost dead.
* * * LOW HITPOINT WARNING * * *
You feel sick. The adder closely misses you.
Unknown command.
You miss the adder. Your grab misses the adder. You squeeze the adder.
You kill the adder!
* * * LOW HITPOINT WARNING * * *
You feel sick.
There is a lethal amount of poison in your body!
There is a lethal amount of poison in your body!
There is a lethal amount of poison in your body!
* * * LOW HITPOINT WARNING * * *
You feel sick.
* * * LOW HITPOINT WARNING * * *
You feel sick.
You die...

#.# #.# #..# #
#.# #..#.# #.#
##..#.# #.#
#..... #.#
#...# #.#
#...#
#.########...#
#.......@...#
##########...#
#.......
#.###### #..
###


There were no monsters in sight!

Vanquished Creatures
  4 adders (D:2)
  A worm (D:2)
  2 dart slugs (D:1)
  A leopard gecko (D:1)
  A ball python (D:2)
  A giant cockroach (D:2)
  4 goblins (D:1)
  3 hobgoblins (D:1)
  3 jackals (D:1)
  7 kobolds
  A frilled lizard (D:2)
28 creatures vanquished.

Notes
Turn   | Place    | Note
-------+----------+-------------------------------------------
     0 | D:1      | Zeld the Octopode Warper began the quest for the Orb.
     0 | D:1      | Reached XP level 1. HP: 14/14 MP: 3/3
    95 | D:1      | Reached XP level 2. HP: 18/19 MP: 5/5
   618 | D:1      | Reached XP level 3. HP: 17/24 MP: 6/6
   621 | D:1      | Learned a level 2 spell: Blink
   625 | D:1      | Learned a level 3 spell: Gell's Gravitas
  1307 | D:2      | Reached XP level 4. HP: 24/29 MP: 7/7
  1321 | D:2      | Learned a level 3 spell: Lesser Beckoning
  1381 | D:2      | HP: 1/29 [poisoned by an adder]
  1382 | D:2      | Succumbed to an adder's poison

Illustrated notes

Levels and vault maps discovered:
D:1:      saegor_arrival_miasma, layout_basic, nrook_campfire
D:2:      layout_loops_ring, eat_drink_and_be_merry_uskayaw

Skill      XL: |  1  2  3 |
---------------+----------+-----
Maces & Flails | 3 |  3.3
Fighting       | |  2.0
Throwing       | |  1.0
Dodging        | |  2.3
Spellcasting   | |  2.6
Translocations | |  3.5

Action                   |  1- 3 |  4- 6 || total
-------------------------+-------+-------++-------
Melee: Mace              |    51 |     9 ||    60
       Tentacles         |     8 |     1 ||     9
       Constrict         |    11 |       ||    11
  Use: Potion            |       |     1 ||     1
 Stab: Sleeping          |     6 |       ||     6
Armor: Skin              |     2 |     3 ||     5
Dodge: Dodged            |    41 |     8 ||    49
